AoeStats
← 只会打步弓

Arabia

510576801Analyzed
1v1 RM · 8h ago on Oct 1, 2026· 20m 27s· 2 players
Game mode
Random Map
Map size
Tiny (2 player)
Population
200
Speed
Normal
Resources
Standard
Victory
Conquest
Starting age
Dark Age
Ending age
Imperial Age
RankedLock teamsTeams togetherTeam positionsShared explorationLock speedFull tech treeHidden civsTurbo modeCheats
Victory
Defeat
🇨🇳 Varangians · China
1954
+10
🇨🇴 Ethiopians · Colombia
1806
-10
只会打步弓
6:25 Loom
8:54 Feudal Age
12:23 Double-Bit Axe
15:13 Scale Barding Armor
16:30 Forging
17:05 Bloodlines
CORP_Leugim
6:14 Loom
9:52 Feudal Age
9:56 Man-at-Arms
10:22 Double-Bit Axe
14:49 Fletching
21:58 Castle Age
Connection lost

Rejoining the realm…

Still unreachable

The connection could not be restored.

Session expired

The server has moved on; the page needs a fresh start.